 Dungeon Crawl Stone Soup version 0.30-a0-883-g5ad918d77d (webtiles) character file.

Game seed: 6502250030218937853

691 hikkokomori the Slasher (level 7, -4/56 HPs)
             Began as a Merfolk Gladiator on Mar 16, 2023.
             Slain by an orc warrior
             ... wielding a +0 halberd
              (12 damage)
             ... on level 4 of the Dungeon.
             The game lasted 00:08:50 (2423 turns).

hikkokomori the Slasher (Merfolk Gladiator)         Turns: 2423, Time: 00:08:51

Health: -4/56      AC: 13    Str:  9    XL:     7   Next: 63%
Magic:  7/7        EV: 11    Int:  8    God:
Gold:   199        SH:  5    Dex: 17    Spells: 3/6 levels left

rFire   . . .      SeeInvis .    a - +0 long sword
rCold   + + .      Faith    .    (no shield)
rNeg    . . .      Spirit   .    r - +6 ring mail of Grot {Harm rC++ Regen+ Str-5}
rPois   .          Reflect  +    c - +0 helmet
rElec   .          Rampage  .    f - +0 cloak
rCorr   .          Harm     + .  (no gloves)
Will    .....                    (no boots)
Stlth   ++                       s - amulet of reflection
HPRegen 1.09/turn                (no ring)
MPRegen 0.10/turn                (no ring)

@: no status effects
A: (nimble swimmer 2), mertail
a: no special abilities


You were on level 4 of the Dungeon.
You visited 1 branch of the dungeon, and saw 4 of its levels.

You collected 199 gold pieces.

Inventory:

Hand Weapons
 a - a +0 long sword (weapon)
 u - a +4 dagger
Missiles
 d - a throwing net (quivered)
Armour
 b - a +0 leather armour
 c - a +0 helmet (worn)
 f - a +0 cloak (worn)
 r - the +6 ring mail of Grot (worn) {Harm rC++ Regen+ Str-5}
   (You found it on level 3 of the Dungeon)

   Str:       It affects your strength (-5).
   rC:        It greatly protects you from cold.
   Regen:     It increases your rate of health regeneration.
   Harm:      It increases damage dealt and taken.
Jewellery
 s - an amulet of reflection (around neck)
Scrolls
 h - a scroll of vulnerability {unknown}
 i - a scroll of poison
 j - a scroll of fear {unknown}
 l - a scroll of immolation
 o - a scroll of amnesia
 t - a scroll of enchant weapon {unknown}
Potions
 g - 2 potions of invisibility {unknown}
 m - a potion of brilliance
 n - a potion of degeneration
 p - a potion of curing
 q - 2 potions of lignification {unknown}


   Skills:
 + Level 5.3 Fighting
 + Level 6.5 Long Blades
 - Level 2.0 Throwing
 - Level 1.0 Armour
 - Level 4.0 Dodging
 + Level 5.1 Stealth
 + Level 0.8 Translocations


You had 3 spell levels left.
You knew the following spells:

 Your Spells              Type           Power      Damage    Failure   Level
a - Foxfire               Conj/Fire      0%         2x1d4     77%         1
b - Blink                 Tloc           2%         N/A       80%         2

Your spell library contained the following spells:

 Spells                   Type           Power      Damage    Failure   Level
 Fireball                 Conj/Fire      0%         3d3       100%        5
 Starburst                Conj/Fire      0%         6d3       100%        6


Dungeon Overview and Level Annotations

Branches:
Dungeon (4/15)
 Temple: D:4-7

Altars:
Sif Muna
Trog

Shops:
D:2 =


Innate Abilities, Weirdness & Mutations

((You are very nimble when in or above water. (Stealth+, EV+, Speed+++)))
Your lower body shifts to a powerful aquatic tail in water.


Message History

The orc warrior looks more healthy.
The orc warrior struggles against the net.
You see here a +0 heavy long sword.
You hit the orc warrior but do no damage.
The orc warrior is severely wounded.
The orc warrior struggles against the net.
You catch the helpless orc warrior completely off-guard!
You hit the orc warrior.
The orc warrior is almost dead.
The orc warrior struggles against the net.
You hit the orc warrior but do no damage.
The orc warrior is almost dead.
The orc warrior struggles against the net.
You catch the helpless orc warrior completely off-guard!
You hit the orc warrior but do no damage.
The orc warrior is almost dead.
The orc warrior struggles against the net.
You hit the orc warrior but do no damage.
The orc warrior is almost dead.
The orc warrior struggles against the net.
The net rips apart, and the orc warrior comes free!
You hit the orc warrior but do no damage.
The orc warrior is almost dead.
The orc warrior hits you with a +0 halberd!
* * * LOW HITPOINT WARNING * * *
You closely miss the orc warrior.
The orc warrior is almost dead.
The orc warrior hits you with a +0 halberd!
* * * LOW HITPOINT WARNING * * *
Press: ? - help, v - describe, . - travel, g - get item
Here: an orc warrior, wielding a +0 halberd and wearing a +0 chain mail (almost dead) Item here: 2 poisoned darts.
The floor.
Unknown command.
Okay, then.
Unknown command.
You hit the orc warrior but do no damage.
The orc warrior is almost dead.
The orc warrior hits you with a +0 halberd!
You die...

. ...#.#.#.#.#.#.#.#.#
... ..#.#.#.#.#.#.#.#.
.....#.#.#.........#.
............#.#.#.....
####...##...##.#.#.#..
##.##...##.#.#.#
###...#########
##...##._.#
##)..###g@.#
##...#∩#.o.##
#...###..(##
#._.##...## #####...##
#...## #...# #... #.##


You could see an orc warrior and a goblin.

Vanquished Creatures
  Sigmund (D:2)
  A steam dragon (D:4)
  An ogre (D:4)
  A hound (D:3)
  Natasha (D:2)
  An iguana (D:4)
  2 orc wizards
  Terence (D:2)
  4 gnolls (D:2)
  4 adders
  3 worms
  2 dart slugs
  7 orcs
  5 bats
  6 endoplasms
  7 giant cockroaches
  9 hobgoblins
  A jackal (D:1)
  6 kobolds
  A quokka (D:2)
  7 ball pythons
  6 frilled lizards
  4 goblins
  3 rats
84 creatures vanquished.

Notes
Turn   | Place    | Note
-------+----------+-------------------------------------------
     0 | D:1      | hikkokomori the Merfolk Gladiator began the quest for the
                  | Orb.
     0 | D:1      | Reached XP level 1. HP: 16/16 MP: 1/1
    90 | D:1      | Reached skill level 1 in Stealth
    90 | D:1      | Reached XP level 2. HP: 13/23 MP: 2/2
   482 | D:1      | Reached skill level 4 in Long Blades
   565 | D:2      | Noticed Sigmund
   577 | D:2      | Killed Sigmund
   578 | D:2      | Reached skill level 5 in Long Blades
   578 | D:2      | Reached XP level 3. HP: 27/30 MP: 3/3
   578 | D:2      | Reached XP level 4. HP: 34/37 MP: 4/4
   578 | D:2      | Reached XP level 5. HP: 38/42 MP: 5/5
   757 | D:2      | Found Yhu Emef's Jewellery Shop.
   799 | D:2      | Reached XP level 6. HP: 28/48 MP: 6/6
  1021 | D:2      | Noticed Terence
  1041 | D:2      | Killed Terence
  1252 | D:2      | Noticed Natasha
  1263 | D:2      | Killed Natasha
  1616 | D:3      | Identified the +6 ring mail of Grot {Harm rC++ Regen+
                  | Str-5}
  1700 | D:3      | Found a faded altar of an unknown god.
  2223 | D:4      | Reached skill level 6 in Long Blades
  2231 | D:4      | Reached skill level 5 in Fighting
  2231 | D:4      | Reached XP level 7. HP: 34/56 MP: 7/7
  2255 | D:4      | Learned a level 1 spell: Foxfire
  2377 | D:4      | Found a shimmering blue altar of Sif Muna.
  2387 | D:4      | Reached skill level 1 in Armour
  2390 | D:4      | Got Sif Muna's Spellbook of the Geodesic
  2394 | D:4      | Learned a level 2 spell: Blink
  2398 | D:4      | Found a bloodstained altar of Trog.
  2399 | D:4      | Noticed a steam dragon
  2410 | D:4      | Killed a steam dragon
  2411 | D:4      | Reached skill level 5 in Stealth
  2423 | D:4      | Slain by an orc warrior

Illustrated notes

Levels and vault maps discovered:
D:1:      zaba_arrival_water, layout_basic, minmay_split_cup_large
D:2:      minmay_evil_eye, layout_basic, serial_shops, nicolae_shop_waterfront,
          uniq_sigmund, uniq_natasha, uniq_terence
D:3:      layout_loops_ring, dreamdust_ecumenical_altar_grove
D:4:      layout_basic, nzn_overflow_gifts_of_might_and_magic

Skill      XL: |  1  2  3  4  5  6  7 |
---------------+----------------------+-----
Stealth        | 1 3 4 5 |  5.1
Long Blades    | 5 6 |  6.5
Fighting       | 3 4 5 |  5.3
Armour         | 1 |  1.0
Throwing       | |  2.0
Dodging        | |  4.0
Translocations | |  0.8

Action                     |  1- 3 |  4- 6 |  7- 9 || total
---------------------------+-------+-------+-------++-------
  Melee: Long sword        |    58 |   168 |    33 ||   259
         Punch             |     1 |     3 |       ||     4
         Tailslap          |       |     3 |       ||     3
  Throw: Throwing net      |     3 |     4 |     1 ||     8
         Dart              |       |     4 |     4 ||     8
         Javelin           |       |       |     2 ||     2
    Use: Scroll            |       |     2 |     2 ||     4
         Potion            |       |       |     1 ||     1
   Stab: Sleeping          |     2 |     3 |     1 ||     6
         Held in net/web   |       |     2 |     2 ||     4
         Distracted        |       |     1 |       ||     1
 Armour: Leather armour    |    20 |    27 |       ||    47
         Ring mail         |       |    12 |    10 ||    22
  Dodge: Dodged            |    55 |   136 |    17 ||   208
  Block: Other             |       |     5 |     5 ||    10

Table legend: (Time is in decaauts)
 A = Elapsed time spent in this place.
 B = Non-inter-level travel time spent in this place.
 C = Inter-level travel time spent in this place.
 D = Time resting spent in this place.
 E = Time spent auto-exploring this place.
 F = Levels seen in this place.
 G = Mean time per level.
                   A        B        C        D        E       F      G
               +--------+--------+--------+--------+--------+-----+--------+
         Total |   2471 |   2394 |     77 |      7 |   1568 |   4 |  617.8 |
       Dungeon |   2471 |   2394 |     77 |      7 |   1568 |   4 |  617.8 |
               +--------+--------+--------+--------+--------+-----+--------+

Top non-repeatable levels by time:
     D:2: 888 daAuts
     D:3: 794 daAuts
     D:1: 564 daAuts
     D:4: 225 daAuts
